 Dungeon Crawl Stone Soup version 0.30.0-10-gfe55d96785 (webtiles) character file.

Game seed: 2528130725239534237

78 Jase the Chopper (level 4, -13/39 HPs)
             Began as a Hill Orc Fighter on May 13, 2023.
             Mangled by an orc
             ... wielding a +2 short sword of distortion
              (19 damage)
             ... on level 3 of the Dungeon.
             The game lasted 00:02:13 (1200 turns).

Jase the Chopper (Hill Orc Fighter)                 Turns: 1200, Time: 00:02:13

Health: -13/39     AC:  7    Str: 20    XL:     4   Next: 36%
Magic:  4/4        EV:  9    Int:  8    God:
Gold:   83         SH:  4    Dex: 10    Spells: 3/3 levels left

rFire   . . .        a - +0 war axe
rCold   . . .        c - +0 buckler
rNeg    . . .        b - +0 scale mail
rPois   .            g - +1 hat
rElec   .            (no cloak)
rCorr   .            (no gloves)
SInv    .            (no boots)
Will    .....        (no amulet) Stlth
                     (no ring)
HPRegen 0.26/turn    (no ring)
MPRegen 0.09/turn

%: no passive effects
@: no status effects
A: no striking features
a: no special abilities


You were on level 3 of the Dungeon.
You visited 1 branch of the dungeon, and saw 3 of its levels.

You collected 83 gold pieces.

Inventory:

Hand Weapons
 a - a +0 war axe (weapon)
Missiles
 k - 5 poisoned darts (quivered)
Armour
 b - a +0 scale mail (worn)
 c - a +0 buckler (worn)
 g - a +1 hat (worn)
Scrolls
 h - 2 scrolls of identify {unknown}
 j - a scroll of brand weapon {unknown}
 n - a scroll of blinking {unknown}
Potions
 d - a potion of might
 e - a potion of resistance {unknown}
 f - a potion of attraction {unknown}
 i - 3 potions of curing {unknown}
 l - a potion of mutation {unknown}
 m - a potion of lignification {unknown}


   Skills:
 - Level 3.6 Fighting
 * Level 6.0 Axes
 - Level 3.2 Armour
 - Level 3.2 Shields


You had 3 spell levels left.
You didn't know any spells.
Your spell library was empty.

Dungeon Overview and Level Annotations

Branches:
Dungeon (3/15)

Altars:

Annotations:
D:3 Robin


Message History

There is a stone staircase leading up here.
A frilled lizard comes into view.
The frilled lizard hisses angrily.
You slash the orc!
You kill the orc!
You slash the rat!
You kill the rat!
Your Axes skill increases to level 6!
Unknown command.
You closely miss the adder. You closely miss the orc.
You hit the frilled lizard.
You kill the frilled lizard!
The orc barely misses you. The adder bites you but does no damage.
A hobgoblin comes into view.
The orc barely misses you. The orc hits you with a +0 hand axe.
You barely miss the adder. You hit the orc. x3
The adder bites you but does no damage. You block the adder's attack.
You block the orc's attack.
The orc hits you with a +2 short sword of distortion.
Space warps horribly around you. The orc barely misses you.
Unknown command.
You hit the adder.
The adder is moderately wounded.
You hit the orc. You hit the orc but do no damage. You closely miss the orc.
You hit the orc. The adder bites you but does no damage.
The orc hits you but does no damage. The orc barely misses you.
The orc hits you but does no damage. x2; Space warps horribly around you!!
Ouch! That really hurt!
* * * LOW HITPOINT WARNING * * *
You block the adder's attack.
You closely miss the adder.
The adder is moderately wounded.
You closely miss the orc. You barely miss the orc. x2
You closely miss the orc. The adder barely misses you.
You block the orc's attack. x2; The orc hits you with a +0 hand axe.
* * * LOW HITPOINT WARNING * * *
The orc hits you with a +2 short sword of distortion.
* * * LOW HITPOINT WARNING * * *
Space warps horribly around you!!
You die...

....... .#.#
....... .#.#
....... .#..#
[...... ##...##
....... ..g....
....... .......
.......#o......
......S@ow.....
......o#o......
....... ...####
..##### ...# .
...# ...# ####


You could see an adder, a dart slug, 4 orcs and a hobgoblin.

Vanquished Creatures
  2 adders (D:2)
  2 worms (D:2)
  2 dart slugs (D:2)
  An orc (D:3)
  A ball python (D:2)
  3 endoplasms (D:1)
  3 giant cockroaches (D:1)
  5 goblins (D:2)
  2 hobgoblins (D:1)
  5 jackals (D:1)
  3 quokkas
  6 bats
  2 frilled lizards
  A kobold (D:2)
  9 rats
47 creatures vanquished.

Notes
Turn   | Place    | Note
-------+----------+-------------------------------------------
     0 | D:1      | Jase the Hill Orc Fighter began the quest for the Orb.
     0 | D:1      | Reached XP level 1. HP: 19/19 MP: 1/1
    76 | D:1      | Reached skill level 3 in Axes
   120 | D:1      | Reached XP level 2. HP: 16/26 MP: 2/2
   222 | D:1      | Reached skill level 4 in Axes
   411 | D:1      | Reached XP level 3. HP: 30/31 MP: 3/3
   704 | D:2      | Reached skill level 5 in Axes
   809 | D:2      | Reached XP level 4. HP: 39/39 MP: 4/4
  1163 | D:3      | Noticed Robin
  1197 | D:3      | Reached skill level 6 in Axes
  1200 | D:3      | Mangled by an orc

Illustrated notes

Levels and vault maps discovered:
D:1:      giann_wishing_wells, layout_basic, minivault_24,
          minmay_misc_feat_hallway, chequers_serial_rivers_room_a, minivault_19
D:2:      layout_rooms
D:3:      layout_rooms, chequers_ecumenical_altar_simple_redux, uniq_robin

Skill      XL: |  1  2  3  4 |
---------------+-------------+-----
Axes           | 3 4 5 6 |  6.0
Fighting       | |  3.6
Armour         | |  3.2
Shields        | |  3.2

Action                     |  1- 3 |  4- 6 || total
---------------------------+-------+-------++-------
  Melee: War axe           |    89 |    27 ||   116
 Armour: Scale mail        |    50 |    17 ||    67
  Dodge: Dodged            |    57 |    14 ||    71
  Block: Buckler           |    25 |     7 ||    32
